 Dungeon Crawl Stone Soup version 0.22.1-2-g9c5b331 (webtiles) character file.

263 Fang the Chopper (level 6, -2/38 HPs)
             Began as a Gargoyle Berserker on Dec 7, 2018.
             Was a Believer of Trog.
             Killed from afar by an orc wizard (11 damage)
             ... with a puff of flame
             ... on level 3 of the Dungeon.
             The game lasted 00:02:10 (1919 turns).

Fang the Chopper (Gargoyle Berserker)               Turns: 1919, Time: 00:02:10

Health: -2/38      AC:  8    Str: 23    XL:     6   Next: 19%
Magic:  6/6        EV: 12    Int:  7    God:    Trog [**....]
Gold:   50         SH:  0    Dex:  9    Spells: 5/5 levels left

rFire    . . .     SeeInvis .   a - +0 hand axe
rCold    . . .     Gourm    .   (no shield)
rNeg     + . .     Faith    .   j - +1 leather armour
rPois    ∞         Spirit   .   (no helmet)
rElec    +         Reflect  .   (no cloak)
rCorr    .         Harm     .   (no gloves)
MR       .....                  (no boots)
Stlth    ..........             (no amulet)
HPRegen  0.12/turn              (no ring)
MPRegen  0.10/turn              (no ring)

@: confused, berserk cooldown, slowed, very slow
A: negative energy resistance 1, electricity resistance, unbreathing,
petrification resistance, rot immunity, AC +4
a: Berserk, Trog's Hand, Renounce Religion


You were on level 3 of the Dungeon.
You worshipped Trog.
Trog was pleased with you.
You were hungry.

You visited 1 branch of the dungeon, and saw 3 of its levels.

You collected 50 gold pieces.

Inventory:

Hand Weapons
 a - a +0 hand axe (weapon)
Armour
 j - a +1 leather armour (worn)
Wands
 l - a wand of paralysis (14)
Scrolls
 b - a scroll of immolation {unknown}
 e - 5 scrolls of identify
 h - a scroll of remove curse
Potions
 d - 3 potions of flight {unknown}
 f - 3 potions of curing
 g - 2 potions of might {unknown}
 i - a potion of agility
Comestibles
 c - 2 rations
 k - 2 chunks of flesh


   Skills:
 + Level 4.1 Fighting
 + Level 4.6 Axes
 + Level 3.5 Armour
 + Level 2.5 Dodging
 + Level 0.3 Stealth


You had 5 spell levels left.
You didn't know any spells.
Your spell library was empty.

Dungeon Overview and Level Annotations

Branches:
Dungeon (3/15)

Altars:
Fedhas
Qazlal


Innate Abilities, Weirdness & Mutations

You are resistant to torment.
Your stone body is resilient. (AC +4)
You are immune to poison.
You resist negative energy. (rN+)
You are resistant to electric shocks. (rElec)
You can survive without breathing.
You are immune to petrification.
You are immune to rotting.


Message History

Something barely misses you.
You slash something! You barely miss something. You completely miss the orc.
An orc comes into view. It is wielding a war axe.
You hear some strange, mumbled words.
You are confused.
The orc barely misses you.
You bump into the rock wall.
Something hits you but does no damage.
You feel a strong urge to attack something.
The orc barely misses you.
You bump into the rock wall.
The orc hits you but does no damage.
You feel your anger nearly subside.
You are no longer berserk.
You are exhausted.
You feel yourself slow down.
Unknown command.
You barely miss something.
You hear some strange, mumbled words.
A puff of flame appears from out of thin air!
The puff of flame hits you!
You die...

#..##.# #. #.....#..
#. ##.####.# #. #.#
.####+# #. #.#
....... ..
##..####.####.......
..
....oo)oo)..........
..
###.o###.##(†.......
# #@##.).....#
#.##.......#
#.##.......#
#.##......$#
#.##.?.....#
...........#
...........#
...........#


You could see 2 orcs.

Vanquished Creatures
  Sigmund (D:3)
  An orc wizard (D:3)
  3 adders (D:2)
  A worm (D:2)
  2 dart slugs
  2 orcs (D:3)
  A ball python (D:2)
  8 bats
  A giant cockroach (D:1)
  6 goblins
  5 hobgoblins
  3 jackals (D:1)
  A quokka (D:2)
  5 frilled lizards
  6 kobolds
  4 rats
50 creatures vanquished.

Notes
Turn   | Place    | Note
-------+----------+-------------------------------------------
     0 | D:1      | Fang the Gargoyle Berserker began the quest for the Orb.
     0 | D:1      | Reached XP level 1. HP: 14/14 MP: 1/1
   292 | D:1      | Reached XP level 2. HP: 19/19 MP: 2/2
   551 | D:1      | Reached ** piety under Trog
   648 | D:1      | Reached XP level 3. HP: 19/24 MP: 3/3
  1342 | D:2      | Reached XP level 4. HP: 29/29 MP: 4/4
  1520 | D:2      | Found a stormy altar of Qazlal.
  1604 | D:2      | Found a blossoming altar of Fedhas.
  1797 | D:3      | Noticed Sigmund
  1818 | D:3      | Killed Sigmund
  1818 | D:3      | Reached XP level 5. HP: 15/33 MP: 0/5
  1818 | D:3      | Reached XP level 6. HP: 17/38 MP: 0/6
  1919 | D:3      | Killed from afar by an orc wizard

Skill      XL: |  1  2  3  4 |
---------------+-------------+-----
Axes           | 3 4 |  4.6
Dodging        | 2 |  2.5
Fighting       | 4 |  4.1
Armour         | 3 |  3.5
Stealth        | |  0.3

Action                   |  1- 3 |  4- 6 || total
-------------------------+-------+-------++-------
Melee: Hand axe          |   132 |    95 ||   227
Invok: Berserk           |     2 |     2 ||     4
  Use: Scroll            |     5 |       ||     5
  Eat: Chunk             |     4 |     3 ||     7
Armor: Animal skin       |    46 |       ||    46
       Leather armour    |    16 |    53 ||    69
Dodge: Dodged            |   125 |    71 ||   196
